 Dungeon Crawl Stone Soup version 0.25.1-8-g42b30a86e7 (webtiles) character file.

Game seed: 3273565087696131570

49 hawla the Conjurer (level 3, -2/28 HPs)
             Began as a Draconian Conjurer on Dec 21, 2020.
             Slain by Purgy (3 damage)
             ... on level 3 of the Dungeon.
             The game lasted 00:04:56 (2332 turns).

hawla the Conjurer (Draconian Conjurer)             Turns: 2332, Time: 00:04:57

Health: -2/28      AC:  5    Str: 10    XL:     3   Next: 53%
Magic:  2/6        EV: 12    Int: 16    God:
Gold:   78         SH:  0    Dex: 11    Spells: 3/6 levels left

rFire    . . .     SeeInvis .   g - +0 dagger (vamp)
rCold    . . .     Gourm    .   (no shield)
rNeg     . . .     Faith    .   (armour unavailable)
rPois    .         Spirit   .   (helmet restricted)
rElec    .         Reflect  .   (no cloak)
rCorr    .         Harm     .   (no gloves)
MR       .....                  (no boots)
Stlth    ++........             (no amulet)
HPRegen  0.09/turn              (no ring)
MPRegen  0.10/turn              (no ring)

@: stab, hasted, very quick
A: unfitting armour, cold-blooded, AC +5
a: no special abilities


You were on level 3 of the Dungeon.
You were not hungry.

You visited 1 branch of the dungeon, and saw 3 of its levels.

You collected 78 gold pieces.

Inventory:

Hand Weapons
 g - a +0 vampiric dagger (weapon)
Missiles
 e - 12 poisoned darts (quivered)
Scrolls
 a - 2 scrolls of teleportation
Comestibles
 b - a ration
 f - 3 chunks of flesh


   Skills:
 - Level 1.0 Fighting
 - Level 1.0 Throwing
 - Level 2.0 Dodging
 - Level 2.0 Stealth
 + Level 2.3 Spellcasting
 * Level 4.6 Conjurations


You had 3 spell levels left.
You knew the following spells:

 Your Spells              Type           Power        Failure   Level  Hunger
a - Magic Dart            Conj           ###.         3%          1    #......
b - Searing Ray           Conj           ###...       4%          2    ###....

Your spell library contained the following spells:

 Spells                   Type           Power        Failure   Level  Hunger
 Dazzling Flash           Conj/Hex       #.....       24%         3    ###....
 Fulminant Prism          Conj/Hex       #.........   61%         4    #####..
 Iskenderun's Mystic Bla  Conj/Tloc      #.......     61%         4    #####..


Dungeon Overview and Level Annotations

Branches:
Dungeon (3/15)

Altars:
Cheibriados
Vehumet

Annotations:
D:3 Purgy


Innate Abilities, Weirdness & Mutations

Your plain brown scales are hard. (AC +5)
You cannot fit into any form of body armour.
You are cold-blooded and may be slowed by cold attacks.


Message History

It was a potion of curing.
You feel better.
The giant cockroach bites you but does no damage. x2
Purgy misses you. Purgy claws you. Purgy closely misses you.
It was a potion of stabbing.
You feel ready to backstab. The giant cockroach barely misses you.
Purgy bites you. Purgy misses you. Purgy claws you but does no damage.
Your magical contamination has completely faded away.
You hit Purgy but do no damage.
Purgy is severely wounded.
The giant cockroach bites you but does no damage.
Purgy bites you.
* * * LOW HITPOINT WARNING * * *
Purgy claws you.
* * * LOW HITPOINT WARNING * * *
Purgy claws you.
* * * LOW HITPOINT WARNING * * *
It was a potion of haste.
You feel yourself speed up. The giant cockroach closely misses you.
Purgy bites you.
You die...

# #.......# ...
#.......###...
#..........$..
#............
##..........# #
............# .#.#######
?.....sT....##...#.....#
#@.........#.....#
#..#...#.......<..
#.###.###..#.....#
#..#...#...#.....#
#...._.....#.....#
#..#...#...#.....#
#.###.###..#.....#
#..#...#..........
#..........#######


You could see Purgy and a giant cockroach.

Vanquished Creatures
  An adder (D:2)
  A worm (D:2)
  A leopard gecko (D:1)
  An orc (D:3)
  3 ball pythons
  3 bats
  2 giant cockroaches (D:2)
  7 goblins
  3 hobgoblins
  7 kobolds
  4 rats
33 creatures vanquished.

Notes
Turn   | Place    | Note
-------+----------+-------------------------------------------
     0 | D:1      | hawla the Draconian Conjurer began the quest for the Orb.
     0 | D:1      | Reached XP level 1. HP: 14/14 MP: 3/3
   265 | D:1      | Reached XP level 2. HP: 22/22 MP: 1/5
   795 | D:2      | Learned a level 2 spell: Searing Ray
  1160 | D:2      | Reached skill level 1 in Fighting
  1538 | D:2      | Reached XP level 3. HP: 28/28 MP: 0/6
  2060 | D:3      | Reached skill level 1 in Throwing
  2224 | D:3      | Found a snail-covered altar of Cheibriados.
  2301 | D:3      | Found a radiant altar of Vehumet.
  2309 | D:3      | Noticed Purgy
  2331 | D:3      | HP: 1/28 [Purgy (3)]
  2332 | D:3      | Slain by Purgy

Illustrated notes

Levels and vault maps discovered:
D:1:      minmay_arrival_radiant_lines, layout_basic
D:2:      layout_basic, serial_bayou_pond_d, kennysheep_generic_room_8
D:3:      layout_basic, marbit_many_paths, vehumet_crystals,
          lightli_temple_of_fire, uniq_purgy, uniq_ijyb

Skill      XL: |  1  2  3 |
---------------+----------+-----
Stealth        | 2 |  2.0
Dodging        | 2 |  2.0
Fighting       | 1 |  1.0
Throwing       | 1 |  1.0
Spellcasting   | |  2.3
Conjurations   | |  4.6

Action                   || total
-------------------------++-------
Melee: Unarmed           ||    21
       Tailslap          ||     1
       Dagger            ||     2
 Cast: Magic Dart        ||    37
       Searing Ray       ||    17
  Use: Scroll            ||     3
       Potion            ||     3
  Eat: Chunk             ||     6
Armor: Skin              ||    16
Dodge: Dodged            ||    29
